Map: Mist Opportunities

Players

MattBarry

  • Race: Protoss Protoss
  • League: Gold
  • Spawn Location: 5:00

MattBarry

  • Race: Zerg Zerg

VOD

Have the link to the VOD?

Description

Time

  • Played on: Jan. 18, 2023, 5:41 p.m.
  • Length: 14:05
Show
View Real Time Build Order
Export as new Build Order

MattBarry Protoss 

Build Orders:  

Get SALT Encoding   

  12  0:03  Probe (Chrono Boost)  
  13  0:16  Probe (Chrono Boost)  
  14  0:27  Dark Pylon  
  14  0:29  Probe (Chrono Boost)  
  14  0:36  Gateway  
  15  0:43  Probe (Chrono Boost)  
  16  0:51  Assimilator  
  16  0:56  Probe (Chrono Boost)  
  17  1:09  Probe (Chrono Boost)  
  17  1:18  Pylon  
  18  1:23  Probe (Chrono Boost)  
  19  1:33  Gateway  
  19  1:36  Probe (Chrono Boost)  
  20  1:49  Cybernetics Core  
  20  1:53  Probe (Chrono Boost)  
  21  2:03  Centurion  
  23  2:13  Assimilator  
  23  2:27  Warp Gate  
  23  2:42  Stalker x2  
  27  2:52  Pylon  
  27  3:16  Forge  
  27  3:29  Protoss Ground Weapons Level 1  
  27  3:39  Stalker x2  
  31  3:46  Pylon  
  31  3:53  Gateway  
  31  3:59  Gateway  
  31  4:14  Centurion  
  31  4:19  Centurion  
  35  4:37  Dark Pylon  
  35  4:46  Twilight Council  
  35  4:53  Forge  
  35  5:02  Centurion x2  
  39  5:38  Shadow Charge  
  39  5:39  Protoss Ground Armor Level 1, Probe (Chrono Boost)  
  40  5:55  Pylon  
  40  6:03  Dark Shrine  
  40  6:07  Pylon  
  40  6:35  Centurion x2  
  40  6:37  Stalker x2  
  48  6:52  Darkcoil  
  48  7:11  Protoss Ground Weapons Level 2  
  48  7:24  Nexus  
  48  7:29  Assimilator  
  48  7:32  Dark Pylon  
  48  7:54  Centurion x2  
  52  8:03  Pylon  
  52  8:22  Protoss Ground Armor Level 2, Blink  
  46  8:53  Centurion x3  
  46  9:29  Centurion x2  
  46  9:30  Centurion x2  
  50  9:42  Probe (Chrono Boost)  
  50  9:44  Probe (Chrono Boost)  
  50  9:59  Probe (Chrono Boost)  
  50  10:01  Probe (Chrono Boost)  
  50  10:03  Protoss Shields Level 1  
  44  10:19  Stalker x3  
  50  10:21  Stalker  
  54  10:32  Probe x2 (Chrono Boost)  
  66  10:50  Phase Reactor  
  54  10:56  Probe (Chrono Boost)  
  54  10:57  Probe (Chrono Boost)  
  56  11:05  Shadow Fury  
  56  11:16  Stalker  
  38  12:01  Dark Pylon  
  38  12:04  Stalker x4  
  42  12:26  Gateway  
  42  12:27  Gateway  
  42  12:29  Gateway  
  44  12:32  Pylon, Probe x2 (Chrono Boost)  
  44  12:41  Stalker x2  
  44  12:49  Probe x2 (Chrono Boost)  
  50  12:52  Centurion x2  
  52  13:39  Dark Pylon  
  38  13:43  Centurion x3  
  38  13:44  Centurion  
Show
View Real Time Build Order
Export as new Build Order

MattBarry Zerg 

Build Orders:  

Get SALT Encoding   

  18  0:08  Primal Drone  
  19  0:17  Primal Drone  
  20  0:26  Primal Drone  
  20  0:27  Primal Drone  
  23  0:50  Primal Warden  
  23  0:56  Primal Drone  
  24  1:08  Primal Drone  
  25  1:18  Primal Drone  
  26  1:23  Primal Drone  
  27  1:33  Extractor  
  27  1:57  Extractor  
  27  1:58  Primal Drone  
  28  2:04  Primal Drone  
  29  2:12  Primal Drone  
  30  2:26  Primal Drone  
  31  2:42  Primal Drone  
  32  2:56  Glevig's Den  
  31  3:07  Primal Drone  
  32  3:14  Primal Attacks Level 1  
  32  3:19  Primal Drone  
  33  3:31  Primal Drone  
  34  3:56  Primal Drone  
  35  4:03  Primal Hive  
  35  4:09  Primal Warden  
  41  4:15  Primal Drone  
  41  4:17  Primal Warden  
  43  4:41  Primal Drone  
  43  4:42  Primal Drone  
  45  5:15  Primal Drone  
  45  5:19  Primal Drone  
  47  5:53  Murvar's Den  
  48  6:11  Primal Warden  
  48  6:15  Primal Warden  
  48  6:18  Primal Warden  
  49  6:21  Primal Drone  
  49  6:23  Primal Drone x2  
  49  6:24  Primal Drone  
  49  6:25  Primal Carapace Level 1  
  53  6:38  Primal Roach x4  
  53  6:39  Primal Roach  
  63  7:34  Primal Hive  
  63  7:44  Primal Drone x2  
  63  7:45  Primal Drone x3  
  68  8:12  Primal Swarm Host  
  68  8:13  Primal Swarm Host x3  
  68  8:17  Aerial Burst Sacs  
  68  8:19  Primal Swarm Host  
  83  9:05  Primal Attacks Level 2  
  83  9:36  Extractor  
  83  9:37  Extractor  
  78  9:53  Primal Drone x2  
  78  9:54  Primal Drone x8  
  81  10:35  Primal Swarm Host  
  81  10:36  Primal Swarm Host x5  
  81  10:37  Primal Swarm Host  
  102  10:57  Primal Drone  
  102  10:58  Primal Drone x3  
  106  11:31  Dakrun's Den  
  102  12:31  Primal Roach  
  102  12:32  Primal Roach x7  
  102  12:33  Primal Roach x12  
Tags
 
Commander
DehakaVorazun
League
Gold
Matchup
Co-op
Replay Pack
Multiplayer
Add a new tag
Caveats
  • Supply blocks, unpowered buildings, or Contaminate may cause inaccurate times.
  • Supply counts are checked every 10 seconds.